Map: Submarine LE

Players

Nice

  • Race: Protoss Protoss
  • League: Master
  • Spawn Location: 11:00

Rex - Winner!

  • Race: Zerg Zerg
  • League: Master
  • Spawn Location: 5:00

Event: DreamHack SC2 Masters 2020 Winter

VOD

Have the link to the VOD?

Description

Time

  • Played on: Oct. 24, 2020, 9:26 a.m.
  • Length: 5:05

All games in this series

Show
View Real Time Build Order
Export as new Build Order

Nice Protoss 

Build Orders: 1 Gate Expand 

Get SALT Encoding   

  12  0:00  Probe  
  13  0:12  Probe  
  14  0:18  Pylon  
  14  0:24  Probe  
  15  0:36  Probe (Chrono Boost)  
  15  0:40  Gateway  
  16  0:48  Probe (Chrono Boost)  
  17  0:52  Assimilator  
  17  0:53  Probe (Chrono Boost)  
  18  1:03  Probe  
  19  1:15  Probe  
  20  1:29  Cybernetics Core  
  20  1:38  Nexus  
  20  1:46  Pylon  
  20  1:52  Assimilator  
  20  1:53  Probe  
  21  2:02  Adept (Chrono Boost)  
  21  2:05  Probe  
  21  2:08  Warp Gate  
  24  2:17  Probe  
  25  2:23  Stalker (Chrono Boost)  
  25  2:29  Probe  
  28  2:40  Robotics Facility  
  28  2:41  Probe  
  29  2:45  Adept  
  31  2:53  Probe x2  
  33  3:05  Gateway, Probe (Chrono Boost)  
  34  3:07  Probe (Chrono Boost)  
  35  3:16  Sentry  
  35  3:18  Probe (Chrono Boost)  
  39  3:22  Pylon, Probe (Chrono Boost)  
  39  3:24  Probe (Chrono Boost)  
  39  3:27  Warp Prism (Chrono Boost)  
  40  3:32  Probe  
  40  3:34  Probe  
  44  3:44  Probe  
  44  3:46  Probe  
  46  3:53  Gateway  
  46  3:54  Shield Battery  
  44  3:56  Observer  
  44  3:58  Pylon  
  44  3:59  Sentry  
  44  4:01  Sentry  
  47  4:19  Zealot  
  47  4:20  Immortal  
Show
View Real Time Build Order
Export as new Build Order

Rex Zerg - Winner!

Build Orders: Hatch First 

Get SALT Encoding   

  12  0:00  Drone  
  13  0:12  Overlord  
  13  0:16  Drone  
  14  0:30  Drone x2  
  16  0:48  Hatchery  
  15  0:51  Drone  
  15  0:54  Drone  
  17  0:57  Drone  
  17  1:01  Extractor  
  17  1:13  Spawning Pool  
  17  1:16  Drone  
  17  1:20  Drone  
  18  1:28  Drone  
  19  1:38  Drone  
  20  1:51  Overlord  
  20  2:00  Queen x2  
  24  2:02  Metabolic Boost  
  24  2:08  Zergling x4  
  26  2:16  Drone x2  
  28  2:25  Drone x2  
  30  2:41  Hatchery  
  29  2:44  Zergling x2  
  29  2:45  Zergling x2  
  29  2:50  Overlord  
  31  2:56  Zergling x2  
  31  2:57  Zergling x4  
  33  3:13  Zergling x16  
  41  3:25  Zergling x4  
  43  3:31  Overlord  
  43  3:35  Overlord  
  42  3:50  Zergling x2  
  42  3:52  Zergling x8  
  42  3:53  Zergling x2  
  47  3:59  Zergling x2  
  47  4:02  Zergling x2  
  46  4:03  Zergling x6  
  46  4:09  Zergling x4  
  45  4:18  Zergling x4  
  45  4:22  Zergling x2  
  47  4:26  Zergling x2  
  46  4:32  Zergling x2  
  46  4:34  Zergling x2  
Tags
 
Add a new tag
Caveats
  • Supply blocks, unpowered buildings, or Contaminate may cause inaccurate times.
  • Supply counts are checked every 10 seconds.